 Dungeon Crawl Stone Soup version bcrawl-1.27.1d (webtiles) character file.

Game seed: 12809954929662003871

121052 Freyura the Twirler (level 3, -5/28 HPs)
             Began as a Demonspawn Gladiator on July 24, 2020.
             Slain by a phantom (9 damage)
             ... on level 2 of the Dungeon.
             The game lasted 00:03:17 (1448 turns).

Freyura the Twirler (Demonspawn Gladiator)          Turns: 1448, Time: 00:03:18

Health: -5/28      AC:  4    Str: 14    XL:     3   Next: 66%
Magic:  3/3        EV: 13    Int:  9    God:
Gold:   177        SH:  0    Dex: 15    Spells: 2/2 levels left

rFire    . . .     SeeInvis +   a - +0 quarterstaff
rCold    . . .     Gourm    .   (shield currently unavailable)
rNeg     . . .     Faith    .   b - +0 leather armour
rPois    .         Spirit   .   c - +0 helmet
rElec    .         Reflect  .   (no cloak)
rCorr    .         Harm     .   (no gloves)
MR       .....                  (no boots)
Stlth    +.........             (no amulet)
HPRegen  0.09/turn              m - ring of see invisible
MPRegen  0.08/turn              (no ring)

@: no status effects
A: hooves 1
a: no special abilities


You were on level 2 of the Dungeon.
You were hungry.

You visited 1 branch of the dungeon, and saw 2 of its levels.

You collected 177 gold pieces.

Inventory:

Hand Weapons
 a - a +0 quarterstaff (weapon)
Missiles
 d - 3 throwing nets {=f}
Armour
 b - a +0 leather armour (worn)
 c - a +0 helmet (worn)
Jewellery
 m - a ring of see invisible (left hand)
Scrolls
 g - 5 scrolls of identify
 i - a scroll of amnesia {unknown}
 j - a scroll of immolation {unknown}
 k - a scroll of teleportation {unknown}
 p - a scroll of blinking {unknown}
 q - a scroll of fear {unknown}
Potions
 f - a potion of brilliance {unknown}
 h - 2 potions of lignification {unknown}
 l - a potion of heal wounds {unknown}
 n - 2 potions of invisibility {unknown}
 o - a potion of curing {unknown}
Comestibles
 e - 3 rations {!d}


   Skills:
 + Level 2.4 Fighting
 * Level 3.4 Staves
 - Level 1.7 Throwing
 + Level 1.1 Armour
 + Level 3.1 Dodging


You had 2 spell levels left.
You didn't know any spells.
Your spell library was empty.

Dungeon Overview and Level Annotations

Branches:
Dungeon (2/12)

Altars:
Fedhas
Trog


Innate Abilities, Weirdness & Mutations

You have large cloven feet.


Message History

The phantom is too close now for your liking.
You are too injured to fight recklessly!
You are too injured to fight recklessly!
You closely miss the phantom. You kick the phantom, but do no damage.
The phantom is severely damaged.
The phantom hits you.
* * * LOW HITPOINT WARNING * * *
You hit the phantom. Your kick misses the phantom.
The phantom is severely damaged.
The phantom hits you.
* * * LOW HITPOINT WARNING * * *
You closely miss the phantom. You kick the phantom.
The phantom is severely damaged.
The phantom hits you but does no damage.
The phantom hits you.
* * * LOW HITPOINT WARNING * * *
The phantom blinks!
The phantom blinks!
The phantom hits you!
You die...

..... .... ... ...
#####.#
#############
.....#
#............
#..####.###........
#.@.....# #.######.
#.W###### #.# #.
#... #.# #. #≈≈≈≈
#.# #. #...## #.#
##. ...## #.# #..
##.## #.# #.# #.
#.# #.# #.# #.#


You could see a phantom.

Vanquished Creatures
  A worm (D:1)
  A dart slug (D:1)
  3 leopard geckos (D:1)
  An orc (D:2)
  A ball python (D:1)
  4 giant cockroaches
  2 goblins (D:1)
  3 hobgoblins (D:1)
  3 jackals (D:1)
  11 kobolds
  3 bats (D:1)
  2 frilled lizards
  7 rats
42 creatures vanquished.

Notes
Turn   | Place    | Note
-------+----------+-------------------------------------------
     0 | D:1      | Freyura the Demonspawn Gladiator began the quest for the
                  | Orb.
     0 | D:1      | Reached XP level 1. HP: 16/16 MP: 1/1
   173 | D:1      | Gained mutation: You have large cloven feet. [demonic
                  | ancestry]
   173 | D:1      | Reached XP level 2. HP: 22/22 MP: 2/2
   494 | D:1      | Reached XP level 3. HP: 28/28 MP: 3/3
   942 | D:1      | Reached skill level 1 in Armour
  1103 | D:2      | Found a blossoming altar of Fedhas.
  1197 | D:2      | Found a bloodstained altar of Trog.
  1415 | D:2      | Noticed a phantom
  1448 | D:2      | Slain by a phantom

Skill      XL: |  1  2  3 |
---------------+----------+-----
Staves         | 3 |  3.4
Dodging        | 3 |  3.1
Armour         | 1 |  1.1
Fighting       | |  2.4
Throwing       | |  1.7

Action                   || total
-------------------------++-------
Melee: Quarterstaff      ||   101
       Kick              ||    17
  Eat: Chunk             ||     3
Armor: Leather armour    ||    28
Dodge: Dodged            ||    72
